 Dungeon Crawl Stone Soup version 0.15.2 (webtiles) character file.

275692 striepan the Minotaur Blade (level 19, -6/187 HPs)
             Began as a Minotaur Fighter on Dec 21, 2014.
             Was the Champion of Okawaru.
             Splashed with acid (13 damage)
             ... on Level 6 of the Pits of Slime.
             The game lasted 07:10:08 (43971 turns).

striepan the Minotaur Blade (Minotaur Fighter)     Turns: 43971, Time: 07:10:08

HP  -6/187       AC -5     Str 22      XL: 19   Next: 56%
MP  20/21        EV  6     Int  5      God: Okawaru [******]
Gold 2511        SH 17     Dex 20      Spells:  0 memorised, 18 levels left

rFire  + . .     SeeInvis .     A - +4 bastard sword (vamp)
rCold  + . .     Clarity  .     C - +8 crystal plate armour
rNeg   + . .     rCorr    +     V - +2 shield of Resistance {rF+ rC+ MR+}
rPois  .         rRot     .     (helmet restricted)
rElec  .         Spirit   .     c - +2 cloak
SustAb +         Warding  .     o - +0 pair of gloves "Liutt" {+Blink Dex+3}
rMut   .         Stasis   .     d - +2 pair of boots {Fly}
Gourm  .                        P - amulet of resist corrosion
MR     +++..                    B - ring of the Centipede {rN+ MR+}
                                O - ring of sustain abilities

@: corroded equipment, flying, extremely resistant to hostile enchantments,
extremely unstealthy
A: retaliatory headbutt, horns 2, blurry vision 1
a: Heroism, Finesse, Renounce Religion, Evoke Blink, Stop Flying
}: 2/15 runes: serpentine, barnacled


You were on level 6 of the Pits of Slime.
You worshipped Okawaru.
Okawaru was exalted by your worship.
You were not hungry.

You visited 6 branches of the dungeon, and saw 42 of its levels.
You also visited: Sewer, Ossuary, Ice Cave and Volcano.

You collected 4416 gold pieces.
You spent 1905 gold pieces at shops.

Inventory:

Hand weapons
 r - a +1 vampiric scimitar
 A - a +4 vampiric bastard sword (weapon)
 J - a +6 bastard sword of slicing
Armour
 c - a +2 cloak (worn)
 d - a +2 pair of boots of flying (worn)
 o - the +0 pair of gloves "Liutt" (worn) {+Blink Dex+3}
   (You found it on level 8 of the Lair of Beasts)

   It affects your dexterity (+3).
   It lets you blink.
 C - a +8 crystal plate armour (worn)
 D - a +0 hat of intelligence
 V - the +2 shield of Resistance (worn) {rF+ rC+ MR+}
   (You bought it in a shop on level 8 of the Dungeon)

   It protects you from fire.
   It protects you from cold.
   It affects your resistance to hostile enchantments.
 X - a +0 hat of see invisible
Magical devices
 F - a wand of draining (2)
 H - a wand of teleportation (5)
 M - a wand of slowing (8)
 N - a wand of disintegration (8)
 Z - a wand of fireball (4)
Comestibles
 u - 5 meat rations
Scrolls
 a - a scroll of holy word
 j - 8 scrolls of fear
 l - 9 scrolls of identify
 q - 12 scrolls of teleportation
 w - 15 scrolls of remove curse
 x - 5 scrolls of magic mapping
 z - 5 scrolls of recharging
 E - 3 scrolls of vulnerability
 K - 6 scrolls of blinking
 S - 3 scrolls of silence
 T - 7 scrolls of fog
Jewellery
 m - an uncursed amulet of resist mutation
 y - an uncursed amulet of warding
 B - the ring of the Centipede (right hand) {rN+ MR+}
   (You found it on level 2 of the Shoals)

   [ring of protection from magic]

   It protects you from negative energy.
   It affects your resistance to hostile enchantments.
 L - an uncursed ring of teleportation
 O - a ring of sustain abilities (left hand)
 P - an amulet of resist corrosion (around neck)
 R - an uncursed amulet of clarity
Potions
 b - 5 potions of haste
 e - 7 potions of might
 f - 2 potions of cancellation
 i - 6 potions of brilliance
 k - a potion of agility
 n - 2 potions of invisibility
 p - 8 potions of magic
 s - 4 potions of berserk rage
 t - 4 potions of resistance
 v - 15 potions of curing
 Q - 5 potions of restore abilities
 U - a potion of cure mutation
Miscellaneous
 g - a plain deck of war {drawn: 2}


   Skills:
 + Level 20.7 Fighting
 - Level 22.0 Long Blades
 - Level 20.0 Armour
 - Level 17.0 Shields
 - Level 5.6 Invocations
 - Level 4.3 Evocations


You had 18 spell levels left.
You didn't know any spells.

Dungeon Overview and Level Annotations

Branches:
Dungeon (14/15) Temple (0/1) D:5 Orc (4/4) D:11 Elf (0/3) Orc:4 Lair (8/8) D:10 Shoals (5/5) Lair:3 Snake (5/5) Lair:6 Slime (6/6) Lair:8 Vaults (0/5) D:12 D:13

Altars:
Ashenzari
Elyvilon
Fedhas
Kikubaaqudgha
Nemelex Xobeh
Okawaru
Qazlal
Sif Muna
Trog
Vehumet
Xom
Yredelemnul
The Shining One
Beogh
Jiyva

Shops:
D:8 [:(=   Orc:1 !   Orc:2 (**?   Orc:4 =*[(   Shoals:3 :   Shoals:5 [}
Snake:3 ?   Snake:5 !

Annotations:
D:8 exclusion: oklob sapling


Innate Abilities, Weirdness & Mutations

You reflexively headbutt those who attack you in melee.
You have a pair of horns on your head.
Your vision is a little blurry.


Message History

You feel much better. The walls burn you! You resist.
* * * LOW HITPOINT WARNING * * *
The walls burn you! You resist.
* * * LOW HITPOINT WARNING * * *
The acid blob spits acid at you. You block the splash of acid.
The acid blob spits acid at you. The splash of acid hits you! You resist.
* * * LOW HITPOINT WARNING * * *
The acid burns!
You resist.
* * * LOW HITPOINT WARNING * * *
Drink which item? (? for menu, Esc to quit)
You feel much better. The walls burn you! You resist.
* * * LOW HITPOINT WARNING * * *
Use which ability? (? or * to list)
You blink.
You feel slightly more hungry. The walls burn you! You resist.
* * * LOW HITPOINT WARNING * * *
As you read the scroll of summoning, it crumbles to dust.
Wisps of shadow whirl around you... The walls burn you! You resist.
You die...

#.........
#.........
#.........
#.........
##........ ###
#........ #.#
##....... #J#
###....... ##@##
###.........
##JJJ.###...........
#.JJJJ..J...........
##.........<........
##.J...............
##.................
#..................
#..................
##..................


You could see an acid blob, 8 friendly slime creatures and a friendly jelly.

Vanquished Creatures
  Norris (Shoals:5)
  Nikola (Snake:3)
  22 acid blobs
  Rupert (D:13)
  Ilsuiw (Shoals:5)
  An orc warlord (Orc:4)
  6 azure jellies
  3 greater nagas (Snake:5)
  Azrael (D:14)
  5 merfolk javelineers
  3 death oozes
  11 merfolk impalers
  4 great orbs of eyes
  8 hydras
  Fannar (Orc:2)
  Harold (Lair:5)
  7 anacondas
  15 naga warriors
  Nessos (Volcano)
  A monstrous demonspawn (Lair:6)
  Erica (D:14)
  An alligator snapping turtle (Shoals:4)
  7 sirens
  6 death yaks (Lair:8)
  A satyr (Shoals:5)
  7 merfolk aquamancers
  3 orc high priests
  A centaur warrior (D:14)
  14 naga sharpshooters
  A catoblepas (D:14)
  The ghost of striepan the Carver, an experienced MiFi (D:6)
  4 shock serpents
  A salamander mystic (Snake:5)
  A skeletal warrior (D:12)
  2 unseen horrors
  17 sea snakes
  A giant orange brain (D:12)
  3 ice statues (IceCv)
  8 orc knights
  3 naga ritualists
  The ghost of striepan the Carver, an experienced MiFi (D:4)
  13 harpies
  7 hill giants
  3 orc sorcerers (Orc:4)
  8 griffons
  2 mana vipers (Snake:2)
  A necromancer (Lair:6)
  An ugly thing (D:12)
  8 shining eyes
  A wolf spider (Lair:7)
  9 salamanders
  15 manticores
  11 fauns
  A guardian serpent (Snake:4)
  9 cyclopes
  11 water nymphs
  15 mermaids
  2 drowned souls (Shoals:5)
  2 eyes of devastation
  20 black mambas
  14 naga magi
  19 spiny frogs
  4 molten gargoyles (D:14)
  Psyche (Orc:4)
  A gargoyle (D:14)
  5 komodo dragons
  A yaktaur (Volcano)
  3 fire drakes
  A deep elf priest (D:10)
  Grinder (D:5)
  A polar bear (Lair:3)
  32 merfolk
  6 wind drakes
  A snapping turtle (shapeshifter) (D:14)
  A two-headed ogre (D:11)
  5 trolls
  2 giant leeches (Lair:8)
  27 blink frogs
  2 hydra skeletons (D:11)
  108 slime creatures
  2 trapdoor spiders
  10 snapping turtles
  3 basilisks
  10 water elementals
  A shadow (D:11)
  34 yaks
  A trapdoor spider (shapeshifter) (D:13)
  16 humans
  A hill giant zombie (D:14)
  10 golden eyes
  9 vampire mosquitoes
  2 fire elementals (D:14)
  2 wandering mushrooms (D:8)
  Grum (Orc:3)
  A hill giant skeleton (D:12)
  21 wolves
  15 hippogriffs
  4 hungry ghosts
  2 wargs (Orc:3)
  Edmund (D:7)
  80 nagas
  A soldier ant (D:12)
  A tengu zombie (D:14)
  3 hell hounds (D:14)
  33 water moccasins
  9 porcupines
  3 sky beasts
  4 black bears
  6 ice beasts (IceCv)
  15 ogres
  A necrophage (D:10)
  36 orc warriors
  2 phantoms
  16 centaurs
  A boring beetle (Lair:6)
  2 yellow wasps
  Sigmund (D:7)
  39 giant frogs
  13 crocodiles
  A komodo dragon zombie (Lair:6)
  4 big kobolds
  10 eyes of draining
  A cyclops skeleton (D:9)
  3 scorpions
  2 troll zombies
  9 killer bees
  11 electric eels
  6 wights
  2 goliath beetles
  A centaur zombie (D:7)
  A basilisk zombie (Lair:6)
  6 lava snakes (Volcano)
  4 crimson imps
  33 orc wizards
  A gnoll shaman (D:5)
  20 orc priests
  8 hounds
  24 jellies
  An elf skeleton (D:11)
  9 iguanas
  A quasit (D:5)
  43 sheep
  A killer bee zombie (D:11)
  8 worker ants
  A big kobold zombie (Ossuary)
  2 ogre zombies
  Ijyb (D:2)
  A mottled dragon zombie (D:14)
  A hound skeleton (D:9)
  8 mummies (Ossuary)
  22 adders
  15 gnolls
  An orc skeleton (D:11)
  2 giant mites (D:6)
  A gnoll skeleton (D:4)
  25 green rats
  3 shadow imps
  4 worms
  2 adder zombies (D:5)
  2 giant geckos
  An ooze (D:7)
  198 orcs
  7 ball pythons
  4 giant cockroaches
  2 gnoll zombies (Ossuary)
  29 goblins
  20 hobgoblins
  3 jackals (D:8)
  21 kobolds
  8 quokkas
  11 bats
  2 giant gecko skeletons
  13 giant newts
  A giant spore (D:13)
  2 hobgoblin zombies (Ossuary)
  2 kobold zombies (Ossuary)
  6 orc zombies
  A quokka zombie (D:5)
  37 rats
  A ballistomycete (D:13)
1634 creatures vanquished.

Vanquished Creatures (others)
  A wizard (D:12)
  A salamander (Snake:4)
  10 drowned souls
  A jelly (Slime:5)
  An orc (Orc:2)
  A giant spore (D:11)
  A ballistomycete (D:11)
  4 fungi (Lair:8)
  7 plants
27 creatures vanquished.

Grand Total: 1661 creatures vanquished

Notes
Turn   | Place    | Note
--------------------------------------------------------------
     0 | D:1      | striepan, the Minotaur Fighter, began the quest for the Orb.
     0 | D:1      | Reached XP level 1. HP: 19/19 MP: 1/1
    20 | D:1      | Found a sparkling altar of Nemelex Xobeh.
   111 | D:1      | Reached XP level 2. HP: 26/26 MP: 1/1
   230 | D:1      | Reached skill level 4 in Long Blades
   363 | D:1      | Reached XP level 3. HP: 31/31 MP: 2/2
   600 | D:2      | Noticed Ijyb
   619 | D:2      | Killed Ijyb
   663 | D:2      | Reached skill level 5 in Long Blades
   823 | D:2      | Reached XP level 4. HP: 37/39 MP: 2/2
  1118 | D:2      | Found a sparkling altar of Nemelex Xobeh.
  1544 | D:3      | Reached skill level 6 in Long Blades
  1544 | D:3      | Reached XP level 5. HP: 20/46 MP: 2/2
  2070 | D:3      | Found a blossoming altar of Fedhas.
  2071 | D:3      | Found an ancient bone altar of Kikubaaqudgha.
  2410 | D:4      | Noticed striepan's ghost (experienced MiFi)
  2849 | D:4      | Found an iron altar of Okawaru.
  2891 | D:4      | Became a worshipper of Warmaster Okawaru
  3025 | D:4      | Reached XP level 6. HP: 49/55 MP: 3/3
  3071 | D:4      | Reached skill level 5 in Fighting
  3071 | D:4      | Reached skill level 7 in Long Blades
  3119 | D:4      | Killed striepan's ghost
  3119 | D:4      | Acquired Okawaru's first power
  3119 | D:4      | Reached skill level 9 in Long Blades
  3119 | D:4      | Reached XP level 7. HP: 9/63 MP: 3/3
  3286 | D:4      | Got a faintly humming buckler
  3297 | D:4      | Identified the +3 buckler "Foefrusmoo" {Str-2 Dex+4} (You found it on level 4 of the Dungeon)
  3588 | D:5      | Entered Level 5 of the Dungeon
  3844 | D:5      | Reached XP level 8. HP: 61/71 MP: 3/3
  3887 | D:5      | Found a shattered altar of Ashenzari.
  3926 | D:5      | Found an iron altar of Okawaru.
  3927 | D:5      | Found a bloodstained altar of Trog.
  3980 | D:5      | Reached skill level 5 in Armour
  4029 | D:5      | Noticed Grinder
  4031 | D:5      | Paralysed by Grinder for 6 turns
  4046 | D:5      | Killed Grinder
  4046 | D:5      | Reached skill level 10 in Long Blades
  4257 | D:5      | Found a staircase to the Ecumenical Temple.
  4899 | D:6      | Got a steaming ring mail
  4900 | D:6      | Identified the +2 ring mail of Fortitude {Str+3 Int+3} (You found it on level 6 of the Dungeon)
  4939 | D:6      | Found a glowing drain.
  4946 | Sewer    | Entered a sewer
  5289 | D:6      | Reached XP level 9. HP: 82/82 MP: 4/4
  5335 | D:6      | Noticed striepan's ghost (experienced MiFi)
  5352 | D:6      | Killed striepan's ghost
  5352 | D:6      | Reached skill level 11 in Long Blades
  5588 | D:7      | Noticed Edmund
  5597 | D:7      | Killed Edmund
  5737 | D:7      | Found a sand-covered staircase.
  5768 | Ossuary  | Entered an ossuary
  6188 | D:7      | Noticed Sigmund
  6194 | D:7      | Killed Sigmund
  6415 | D:8      | Reached skill level 10 in Fighting
  6638 | D:8      | Found Seireha's Jewellery Boutique.
  6655 | D:8      | Found Wuaciebi's Weapon Shoppe.
  6703 | D:8      | Reached skill level 12 in Long Blades
  6764 | D:8      | Reached XP level 10. HP: 80/93 MP: 5/5
  6791 | D:8      | Found Teemp's Book Boutique.
  7205 | D:8      | Found a stormy altar of Qazlal.
  7206 | D:8      | Found a white marble altar of Elyvilon.
  7261 | D:8      | Found Fyzuu's Armour Shop.
  7590 | D:8      | Found a blossoming altar of Fedhas.
  8099 | D:9      | Reached skill level 13 in Long Blades
  8277 | D:9      | Reached skill level 1 in Invocations
  8785 | D:9      | Found a deep blue altar of Sif Muna.
  8786 | D:9      | Found a basalt altar of Yredelemnul.
  8900 | D:9      | Found a glowing golden altar of the Shining One.
  9044 | D:9      | Reached skill level 5 in Invocations
  9380 | D:8      | Bought the +2 shield of Resistance {rF+ rC+ MR+} for 616 gold pieces
  9500 | D:10     | Entered Level 10 of the Dungeon
  9591 | D:10     | Acquired Okawaru's second power
  9851 | D:10     | Found a staircase to the Lair.
  9855 | D:10     | Noticed a hill giant
  9863 | D:10     | Killed a hill giant
  9931 | D:10     | Found a radiant altar of Vehumet.
  9940 | D:10     | Reached XP level 11. HP: 102/102 MP: 14/14
 10140 | D:10     | Noticed a hill giant
 10148 | D:10     | Killed a hill giant
 10199 | D:10     | Reached skill level 5 in Shields
 10356 | D:10     | Noticed a hill giant
 10371 | D:10     | Killed a hill giant
 10530 | D:10     | You fall through a shaft for 3 floors!
 10665 | D:13     | Noticed a hill giant
 10674 | D:13     | Killed a hill giant
 10787 | D:12     | Found a bloodstained altar of Trog.
 10787 | D:12     | Noticed a wizard
 10794 | D:12     | Killed a wizard
 10867 | D:12     | Noticed a hill giant
 10877 | D:12     | Killed a hill giant
 11032 | D:12     | Received a gift from Okawaru
 11095 | D:12     | Noticed an unseen horror
 11103 | D:12     | Killed an unseen horror
 11103 | D:12     | Reached skill level 14 in Long Blades
 11108 | D:11     | Found a staircase to the Orcish Mines.
 11923 | D:11     | Noticed a hill giant
 11927 | D:11     | Killed a hill giant
 11945 | D:11     | Received a gift from Okawaru
 11947 | D:11     | Got a twisted robe {god gift}
 11958 | D:11     | Identified the +0 robe of the Good {+Rage rN+} (Okawaru gifted it to you on level 11 of the Dungeon)
 12385 | D:12     | Noticed a hill giant
 12396 | D:12     | Killed a hill giant
 12429 | D:12     | Identified a scroll of acquirement
 12930 | D:13     | Found a gate to the Vaults.
 12930 | D:13     | Noticed a giant orange brain
 12930 | D:13     | Noticed a skeletal warrior
 12930 | D:13     | Noticed Rupert
 12930 | D:13     | Noticed an unseen horror
 12930 | D:13     | Paralysed by Rupert for 7 turns
 12945 | D:12     | Killed a giant orange brain
 12945 | D:12     | Reached XP level 12. HP: 81/113 MP: 16/16
 13019 | D:12     | Killed a skeletal warrior
 13417 | D:13     | Killed Rupert
 13417 | D:13     | Reached skill level 15 in Long Blades
 13437 | D:13     | Reached skill level 10 in Shields
 13488 | D:13     | Killed an unseen horror
 13488 | D:13     | Reached skill level 10 in Armour
 13894 | D:13     | Received a gift from Okawaru
 14078 | Orc:1    | Entered Level 1 of the Orcish Mines
 14127 | Orc:1    | Found Jieshro Maom's Distillery.
 14552 | Orc:2    | Found Bludwe Vuwe's Weapon Shoppe.
 14552 | Orc:2    | Found a shimmering altar of Xom.
 14710 | Orc:2    | Found Yqogroifa's Magic Scroll Emporium.
 14760 | Orc:2    | Found Stutea's Assorted Antiques.
 14811 | Orc:2    | Found Viwo's General Store.
 14845 | Orc:2    | Noticed Fannar
 14879 | Orc:2    | Killed Fannar
 15453 | Orc:2    | Found a roughly hewn altar of Beogh.
 15668 | Orc:1    | Reached XP level 13. HP: 118/122 MP: 17/17
 16190 | Orc:3    | Noticed Grum
 16212 | Orc:3    | Killed Grum
 16389 | Orc:3    | Found a roughly hewn altar of Beogh.
 16774 | Orc:4    | Entered Level 4 of the Orcish Mines
 16998 | Orc:4    | Found Yfos' Antique Armour Shoppe.
 17091 | Orc:4    | Reached skill level 16 in Long Blades
 17334 | Orc:4    | Found Treace's Jewellery Shoppe.
 17334 | Orc:4    | Noticed an orc warlord
 17400 | Orc:4    | Killed an orc warlord
 17446 | Orc:4    | Received a gift from Okawaru
 17775 | Orc:4    | Found Xaysec's Antique Weapon Shoppe.
 17872 | Orc:4    | Noticed Psyche
 17878 | Orc:4    | Killed Psyche
 17883 | Orc:4    | Found a staircase to the Elven Halls.
 17901 | Orc:4    | Found Aguemuhu's General Store.
 18408 | D:14     | Reached skill level 17 in Long Blades
 18561 | D:14     | Noticed a centaur warrior
 18564 | D:14     | Noticed Azrael
 18574 | D:14     | Killed a centaur warrior
 18585 | D:14     | Killed Azrael
 18889 | D:14     | Noticed Erica
 18896 | D:14     | Killed Erica
 19263 | Orc:1    | Bought a potion of brilliance for 27 gold pieces
 19263 | Orc:1    | Bought a potion of cancellation for 60 gold pieces
 19263 | Orc:1    | Bought a potion of confusion for 11 gold pieces
 19263 | Orc:1    | Bought a potion of invisibility for 60 gold pieces
 19283 | Orc:2    | Bought a pair of glowing gloves for 139 gold pieces
 19310 | Orc:2    | Bought a scroll of amnesia for 42 gold pieces
 19310 | Orc:2    | Bought a scroll of identify for 24 gold pieces
 19310 | Orc:2    | Bought a scroll of fog for 24 gold pieces
 19310 | Orc:2    | Bought a scroll of identify for 24 gold pieces
 19335 | Orc:2    | Bought 2 potions of curing for 48 gold pieces
 19373 | Orc:4    | Bought a cursed -5 ring of protection for 30 gold pieces
 19412 | Orc:2    | Bought a +2 cloak for 198 gold pieces
 19656 | D:8      | Bought a cursed amulet of inaccuracy for 28 gold pieces
 19656 | D:8      | Bought a cursed -2 ring of intelligence for 28 gold pieces
 19846 | Lair:1   | Entered Level 1 of the Lair of Beasts
 20012 | Lair:1   | Reached skill level 18 in Long Blades
 20039 | Lair:1   | Reached XP level 14. HP: 92/133 MP: 18/18
 20349 | Lair:1   | Received a gift from Okawaru
 21360 | Lair:3   | Reached skill level 15 in Fighting
 21414 | Lair:3   | Found a staircase to the Shoals.
 22151 | Lair:4   | Found a dark tunnel.
 22156 | Volcano  | Entered a volcano
 22304 | Volcano  | Noticed Nessos
 22314 | Volcano  | Killed Nessos
 22315 | Volcano  | Found a burning altar of Makhleb.
 22418 | Lair:4   | Found a frozen archway.
 22422 | IceCv    | Entered an ice cave
 23499 | Lair:5   | Noticed Harold
 23516 | Lair:5   | Killed Harold
 23941 | Lair:5   | Received a gift from Okawaru
 24248 | Lair:6   | Reached skill level 1 in Evocations
 24455 | Lair:6   | Found a staircase to the Snake Pit.
 24581 | Lair:6   | Got a transparent brass ring
 24583 | Lair:6   | Identified the ring "Remokhlee" {rPois Str+2 Dex-3 Int+1} (You found it on level 6 of the Lair of Beasts)
 25459 | Lair:7   | Received a gift from Okawaru
 25842 | Lair:8   | Entered Level 8 of the Lair of Beasts
 25903 | Lair:8   | Reached XP level 15. HP: 101/141 MP: 18/18
 26101 | Lair:8   | Got a pair of faintly humming gloves
 26112 | Lair:8   | Identified the +0 pair of gloves "Liutt" {+Blink Dex+3} (You found it on level 8 of the Lair of Beasts)
 27045 | Lair:8   | Found a viscous altar of Jiyva.
 27053 | Lair:8   | Found a staircase to the Slime Pits.
 27053 | Lair:8   | Noticed an acid blob
 27053 | Lair:8   | Noticed an acid blob
 27250 | Lair:8   | Received a gift from Okawaru
 27432 | Lair:8   | Killed an acid blob
 27437 | Lair:8   | Killed an acid blob
 27447 | Slime:1  | Entered Level 1 of the Pits of Slime
 27447 | Slime:1  | Noticed an acid blob
 27456 | Slime:1  | Killed an acid blob
 27456 | Slime:1  | Reached skill level 15 in Shields
 27482 | Slime:1  | Noticed an acid blob
 27491 | Slime:1  | Killed an acid blob
 27495 | Slime:1  | Noticed an acid blob
 27504 | Slime:1  | Killed an acid blob
 27735 | Snake:1  | Entered Level 1 of the Snake Pit
 29037 | Snake:2  | Received a gift from Okawaru
 29084 | Snake:2  | Reached skill level 19 in Long Blades
 29522 | Snake:3  | Noticed Nikola
 29543 | Snake:3  | Killed Nikola
 29543 | Snake:3  | Reached XP level 16. HP: 23/151 MP: 19/19
 30169 | Snake:3  | Received a gift from Okawaru
 30181 | Snake:3  | Found Thrika's Magic Scroll Shop.
 30189 | Snake:3  | Bought a scroll of holy word for 120 gold pieces
 30189 | Snake:3  | Bought a scroll of enchant weapon for 120 gold pieces
 30189 | Snake:3  | Bought a scroll of identify for 32 gold pieces
 30189 | Snake:3  | Bought a scroll of blinking for 120 gold pieces
 30189 | Snake:3  | Bought a scroll of enchant armour for 120 gold pieces
 30953 | Snake:4  | Reached skill level 20 in Long Blades
 31691 | Snake:4  | Reached skill level 15 in Armour
 31920 | Snake:5  | Entered Level 5 of the Snake Pit
 32285 | Snake:5  | Received a gift from Okawaru
 32747 | Snake:5  | Found Aremah's Distillery.
 32753 | Snake:5  | Bought a potion of degeneration for 34 gold pieces
 33407 | Snake:5  | Reached XP level 17. HP: 148/163 MP: 20/20
 33565 | Snake:5  | Received a gift from Okawaru
 33637 | Snake:5  | Got a serpentine rune of Zot
 33990 | Shoals:1 | Entered Level 1 of the Shoals
 35016 | Shoals:2 | Received a gift from Okawaru
 35018 | Shoals:2 | Got a pair of ichor-stained gloves {god gift}
 35029 | Shoals:2 | Identified the +0 pair of gloves of the Guild-Master {+Blink +Fly MR+} (Okawaru gifted it to you on level 2 of the Shoals)
 35058 | Shoals:2 | Got a brightly glowing platinum ring
 35059 | Shoals:2 | Identified the ring of the Centipede {rN+ MR+} (You found it on level 2 of the Shoals)
 35975 | Shoals:3 | Found Bruaduef's Book Boutique.
 36165 | Shoals:3 | Got a fine scimitar
 36166 | Shoals:3 | Identified the +9 scimitar "Kuxolum" {slice, rPois Int+3} (You found it on level 3 of the Shoals)
 37524 | Shoals:5 | Entered Level 5 of the Shoals
 37524 | Shoals:5 | Noticed Norris
 37590 | Shoals:5 | Found Kaitab's Gadget Shoppe.
 37650 | Shoals:5 | Noticed Ilsuiw
 37662 | Shoals:5 | Killed Norris
 37876 | Shoals:5 | Killed Ilsuiw
 37931 | Shoals:5 | Reached XP level 18. HP: 172/172 MP: 19/21
 38021 | Shoals:5 | Received a gift from Okawaru
 38384 | Shoals:5 | Found Oce Xive's Armour Boutique.
 38684 | Shoals:5 | Identified the Volume of Sinister Confrontation (You found it on level 5 of the Shoals)
 39649 | Shoals:5 | Got a barnacled rune of Zot
 40269 | Slime:1  | Noticed an acid blob
 40269 | Slime:1  | Noticed an acid blob
 40305 | Slime:1  | Noticed an acid blob
 40317 | Slime:2  | Killed an acid blob
 40317 | Slime:2  | Reached skill level 21 in Long Blades
 40326 | Slime:2  | Killed an acid blob
 40335 | Slime:2  | Killed an acid blob
 40485 | Slime:1  | Received a gift from Okawaru
 40522 | Slime:1  | Noticed an acid blob
 40596 | Slime:1  | Killed an acid blob
 41108 | Slime:1  | Noticed an acid blob
 41117 | Slime:1  | Killed an acid blob
 41759 | Slime:4  | Reached XP level 19. HP: 183/183 MP: 21/21
 41788 | Slime:4  | Received a gift from Okawaru
 43502 | Slime:4  | Reached skill level 22 in Long Blades
 43675 | Slime:6  | Entered Level 6 of the Pits of Slime
 43817 | Slime:6  | Received a gift from Okawaru
 43819 | Slime:6  | Gained mutation: Your vision is a little blurry. [a shining eye]
 43965 | Slime:6  | HP: 3/187 [acid (21)]
 43970 | Slime:6  | HP: 6/187 [acid (13)]
 43971 | Slime:6  | Splashed with acid

Action                   |  1- 3 |  4- 6 |  7- 9 | 10-12 | 13-15 | 16-18 | 19-21 || total
-------------------------+-------+-------+-------+-------+-------+-------+-------++-------
Melee: Long sword        |   120 |   131 |   242 |       |       |       |       ||   493
       Scimitar          |       |       |   158 |  1117 |  1147 |       |       ||  2422
       Bastard sword     |       |       |       |       |   707 |  2097 |   397 ||  3201
       Claymore          |       |       |       |       |     4 |       |       ||     4
Invok: Heroism           |       |       |     2 |     4 |     6 |     4 |       ||    16
       Finesse           |       |       |       |     1 |     3 |     1 |       ||     5
 Abil: Evoke Teleportati |       |       |       |       |     2 |       |       ||     2
       Stop Flying       |       |       |       |       |       |     1 |       ||     1
       Evoke Flight      |       |       |       |       |       |     1 |       ||     1
       Evoke Blink       |       |       |       |       |       |       |     2 ||     2
Evoke: Deck              |     2 |       |       |       |     1 |       |       ||     3
       Wand              |       |       |       |     6 |     9 |     4 |       ||    19
  Use: Potion            |       |     2 |     1 |     6 |     4 |     4 |     7 ||    24
       Scroll            |       |       |     5 |    14 |    19 |     8 |     2 ||    48
 Stab: Fleeing           |       |       |       |       |     1 |       |       ||     1
  Eat: Chunk             |       |     7 |    11 |    19 |    16 |       |       ||    53
       Fruit             |       |       |     1 |     2 |     5 |     3 |       ||    11
       Beef jerky        |       |       |       |     2 |     2 |     1 |       ||     5
       Royal jelly       |       |       |       |     2 |     1 |     1 |       ||     4
       Pizza             |       |       |       |     1 |       |       |       ||     1
       Meat ration       |       |       |       |       |     4 |    10 |     2 ||    16
